 Dungeon Crawl Stone Soup version 0.23-a0-494-g91793a9df2 (webtiles) character file.

99599 Narretz the Warrior (level 16, -12/192 HPs)
             Began as an Ogre Berserker on Nov 24, 2013.
             Was the Champion of Trog.
             Mangled by Agnes
             ... wielding a +1 lajatang of electrocution
              (14 damage)
             ... on level 16 of the Dungeon on Dec 4, 2018.
             The game lasted 03:08:00 (26828 turns).

Narretz the Warrior (Ogre Berserker)               Turns: 26828, Time: 03:08:01

Health: -12/192    AC: 13    Str: 30    XL:     16   Next: 25%
Magic:  16/16      EV: 16    Int:  9    God:    Trog [******]
Gold:   3445       SH:  0    Dex: 15    Spells: 15/15 levels left

rFire    . . .     SeeInvis +   W - +11 giant spiked club of the Two Names {flame, Stlth+}
rCold    + . .     Gourm    .   (shield currently unavailable)
rNeg     . . .     Faith    .   q - +0 acid dragon scales
rPois    .         Spirit   .   B - +2 hat {SInv}
rElec    .         Reflect  .   O - +1 cloak {rC+}
rCorr    +         Harm     .   (gloves unavailable)
MR       +....                  (boots unavailable)
Stlth    +++.......             z - amulet of regeneration
HPRegen  0.82/turn              p - ring of stealth
MPRegen  0.15/turn              C - ring "Voykub" {Int+3 Dex+5}

@: no status effects
A: large, unfitting armour, tough skin 1
a: Berserk, Trog's Hand, Brothers in Arms, Renounce Religion


You were on level 16 of the Dungeon.
You worshipped Trog.
Trog was exalted by your worship.
You were not hungry.

You visited 3 branches of the dungeon, and saw 28 of its levels.
You also visited: Ice Cave.

You collected 4035 gold pieces.
You spent 590 gold pieces at shops.

Inventory:

Hand Weapons
 j - a +2 great mace of draining
 D - the +9 mace of Fate {drain, Dex+2 Stlth++}
   (You found it on level 3 of the Lair of Beasts)

   A truly terrible weapon, it drains the life of those it strikes.
   It affects your dexterity (+2).
   It makes you much more stealthy.
 W - the +11 giant spiked club of the Two Names (weapon) {flame, Stlth+}
   (Trog gifted it to you on level 7 of the Lair of Beasts)

   It has been specially enchanted to burn those struck by it, causing extra
   injury to most foes and up to half again as much damage against particularly
   susceptible opponents.
   It makes you more stealthy.
Missiles
 b - 10 javelins
 h - 2 javelins of penetration
 y - 22 large rocks (quivered)
 X - 41 tomahawks
Armour
 g - a +2 robe of fire resistance
 q - +0 acid dragon scales (worn)
 A - a +1 robe of cold resistance
 B - a +2 hat of see invisible (worn)
 O - a +1 cloak of cold resistance (worn)
Jewellery
 p - a ring of stealth (left hand)
 u - an uncursed amulet of guardian spirit
 z - an amulet of regeneration (around neck)
 C - the ring "Voykub" (right hand) {Int+3 Dex+5}
   (You found it on level 2 of the Lair of Beasts)

   [ring of intelligence]

   It affects your intelligence (+3).
   It affects your dexterity (+5).
 M - an uncursed ring of protection from fire
 U - an uncursed ring of teleportation
Wands
 d - a wand of disintegration (9)
 I - a wand of enslavement (8)
 P - a wand of acid (13)
 S - a wand of digging (8)
 Z - a wand of iceblast (8)
Scrolls
 i - a scroll of magic mapping
 m - 6 scrolls of teleportation
 o - 2 scrolls of summoning
 s - a scroll of fear
 v - 3 scrolls of fog
 E - 6 scrolls of remove curse
 K - 2 scrolls of immolation {unknown}
 L - a scroll of silence {unknown}
 V - a scroll of holy word {unknown}
Potions
 a - 2 potions of berserk rage
 e - 2 potions of mutation
 f - 8 potions of curing
 k - 8 potions of heal wounds
 l - 5 potions of restore abilities
 n - a potion of resistance
 r - 2 potions of lignification {unknown}
 w - 4 potions of magic
 F - a potion of flight
 H - a potion of brilliance {unknown}
 J - a potion of agility
 Q - 5 potions of might
 T - a potion of invisibility {unknown}
 Y - 2 potions of haste
Comestibles
 c - 35 rations
 t - 11 chunks of flesh


   Skills:
 + Level 17.9 Fighting
 + Level 17.1 Maces & Flails
 + Level 5.8 Throwing
 * Level 6.7 Armour
 - Level 11.3 Dodging
 + Level 2.5 Evocations


You had 15 spell levels left.
You didn't know any spells.
Your spell library was empty.

Dungeon Overview and Level Annotations

Branches:
Dungeon (16/16)            Temple (0/1) D:6            Lair (8/8) D:10
  Swamp (0/5) Lair:4        Snake (0/5) Lair:6        Slime (0/6) Lair:6
    Orc (4/4) D:10            Elf (0/3) Orc:3        Vaults (0/5) D:14
 Depths (0/6) D:16

Altars:
Okawaru
Sif Muna
Trog
Wu Jian
Zin

Shops:
D:14 }   Orc:3 (   Orc:4 **:(

Portals:
Pandemonium: Orc:4

Annotations:
D:10 Deemzul's ghost, powerful OpVM
D:16 Agnes
Lair:2 exclusion: 2 oklob plants
Lair:6 eels


Innate Abilities, Weirdness & Mutations

You are too large for most types of armour.
You have tough skin. (AC +1)


Message History

Agnes is severely wounded.
Agnes hits you with a +1 lajatang of electrocution!!
* * * LOW HITPOINT WARNING * * *
You are electrocuted!
* * * LOW HITPOINT WARNING * * *
Agnes hits you with a +1 lajatang of electrocution.
* * * LOW HITPOINT WARNING * * *
Your cyclops hits Agnes!
Okay, then.
Okay, then.
Okay, then.
You feel much better.
Agnes hits you with a +1 lajatang of electrocution!!
* * * LOW HITPOINT WARNING * * *
Your cyclops hits Agnes!
You feel much better.
Agnes hits you with a +1 lajatang of electrocution!!
* * * LOW HITPOINT WARNING * * *
You are electrocuted!
You die...

#.# #.# #.# #.# #.#
######## #.#
#......####.#######.###
##.#..^.......Ci.†......
#....##.##....@#####.###
#..####.###...##
#..####.# ##.##
#.......# #.# #.#######
#.# #.# ##'## #.#
##...## #.## ##.....##
#..## ##.......##


You could see Agnes and a friendly cyclops (berserk).

Vanquished Creatures
  A frost giant (IceCv)
  An orc warlord (Orc:3)
  Gastronok (D:8)
  Azrael (D:13)
  Snorg (Orc:2)
  Josephine (D:11)
  A yaktaur captain (D:16)
  Erolcha (D:12)
  Fannar (Lair:2)
  8 hydras
  5 centaur warriors
  2 catoblepae
  7 two-headed ogres
  An ogre mage (D:16)
  Urug (D:10)
  6 orc high priests (Orc:4)
  The ghost of Deemzul the Covert, a journeyman OpVM of Sif Muna (D:10)
  2 wizards
  2 unseen horrors
  4 ghosts
  2 gelid demonspawn (Orc:4)
  6 orc knights
  8 orc sorcerers
  6 ugly things
  A deep elf mage (D:14)
  5 cyclopes
  2 manticores
  13 black mambas
  An ice statue (IceCv)
  5 centaur skeletons
  A smoke demon (Orc:4)
  8 spiny frogs
  4 rime drakes
  An orange demon (Orc:4)
  An efreet (D:16)
  2 yaktaurs
  2 kobold demonologists
  2 freezing wraiths
  2 tengu conjurers
  A harpy zombie (D:15)
  A queen bee (Orc:1)
  6 trolls
  5 blink frogs
  8 komodo dragons
  16 polar bears (IceCv)
  A harpy skeleton (D:15)
  5 slime creatures (D:15)
  A centaur simulacrum (D:14)
  7 basilisks
  A shadow (D:11)
  7 wraiths
  4 wyverns
  2 vampires (D:14)
  A removed MONS_HILL_GIANT zombie (D:9)
  2 removed
  MONS_SHARKs (Lair:6)
  A hog (D:7)
  A neqoxec (Orc:4)
  4 fire elementals (D:13)
  23 yaks
  14 hippogriffs
  A steam dragon (D:8)
  3 hungry ghosts
  2 vampire mosquitoes (D:16)
  3 wargs
  4 porcupines
  3 acid dragons
  3 hell hounds (D:13)
  A necrophage (D:8)
  43 orc warriors
  An ice beast (D:7)
  6 sky beasts
  2 eyes of draining
  A human (D:7)
  A black bear (Lair:2)
  13 wolves
  28 centaurs
  A manticore skeleton (D:10)
  3 phantoms
  8 ogres
  A removed MONS_BORING_BEETLE (Lair:6)
  8 crocodiles
  2 removed MONS_GIANT_SLUGs
  3 big kobolds (D:15)
  23 bullfrogs
  An insubstantial wisp (D:8)
  Blork the orc (D:8)
  7 removed MONS_AGATE_SNAILs
  13 water moccasins
  A wyvern skeleton (D:10)
  4 removed MONS_JELLYFISHs
  A vampire bat (D:9)
  7 killer bees
  A hippogriff skeleton (D:6)
  7 wights
  8 crimson imps
  35 orc priests
  A bullfrog zombie (D:13)
  3 jellies
  A quasit (D:6)
  5 centaur zombies
  A water moccasin zombie (D:7)
  2 bullfrog skeletons
  9 hounds
  6 scorpions
  18 orc wizards
  10 iguanas
  11 removed MONS_SHEEPs
  3 worker ants
  Ijyb (D:2)
  14 adders
  3 removed MONS_GIANT_CENTIPEDEs
  89 river rats
  10 gnolls
  3 shadow imps
  3 removed MONS_GIANT_MITEs
  12 white imps (D:13)
  A worm (D:2)
  An iguana zombie (D:9)
  8 leopard geckos
  An ooze (D:3)
  103 orcs
  3 giant cockroaches
  16 goblins
  26 hobgoblins
  24 kobolds
  9 quokkas
  2 ballistomycete spores
  30 bats
  7 frilled lizards
  A frilled lizard skeleton (D:4)
  30 jackals
  An orc zombie (D:8)
  16 rats
  A rat skeleton (D:6)
  A rat zombie (D:7)
  7 ballistomycetes
  6 fungi
  2 plants
982 creatures vanquished.

Vanquished Creatures (collateral kills)
  Nessos (D:13)
  3 hydras
  A ghost (Lair:8)
  A sixfirhy (Orc:4)
  An infernal demonspawn (Orc:4)
  A manticore (Lair:8)
  A black mamba (Lair:6)
  A rime drake (Lair:8)
  An orange demon (Orc:4)
  A spiny frog (Lair:8)
  A komodo dragon (Lair:8)
  6 orc warriors
  A sky beast (D:8)
  A centaur (D:8)
  An insubstantial wisp (D:8)
  9 killer bees
  An orc priest (Orc:4)
  An orc wizard (D:5)
  An adder (D:7)
  2 orcs (Orc:4)
  A bat (D:7)
  A rat (D:7)
38 creatures vanquished.

Vanquished Creatures (others)
  An ogre (Lair:2)
  6 killer bees (Orc:1)
  An orc priest (D:9)
  An orc wizard (D:9)
  2 orcs (Orc:3)
  2 ballistomycete spores
  6 fungi
  5 plants
24 creatures vanquished.

Grand Total: 1044 creatures vanquished

Notes
Turn   | Place    | Note
-------+----------+-------------------------------------------
     0 | D:1      | Narretz, the Ogre Berserker, began the quest for the Orb.
     0 | D:1      | Reached XP level 1. HP: 23/23 MP: 0/0
    49 | D:1      | Reached XP level 2. HP: 19/32 MP: 1/1
   305 | D:1      | Reached XP level 3. HP: 29/39 MP: 2/2
   362 | D:1      | Reached * piety under Trog
  1310 | D:2      | Reached skill level 5 in Maces & Flails
  1423 | D:2      | Reached XP level 4. HP: 46/48 MP: 3/3
  1483 | D:2      | Noticed Ijyb
  1500 | D:2      | Killed Ijyb
  1502 | D:2      | Reached XP level 5. HP: 44/55 MP: 4/4
  1602 | D:2      | Reached skill level 5 in Fighting
  2632 | D:4      | Reached *** piety under Trog
  2941 | D:4      | Reached XP level 6. HP: 27/63 MP: 5/5
  3056 | D:4      | Noticed an ogre
  3062 | D:4      | Killed an ogre
  3252 | D:5      | Entered Level 5 of the Dungeon
  3281 | D:5      | Reached skill level 5 in Dodging
  3553 | D:5      | Reached XP level 7. HP: 66/71 MP: 6/6
  4041 | D:6      | Reached skill level 1 in Throwing
  4510 | D:6      | Found a staircase to the Ecumenical Temple.
  4552 | D:6      | Reached XP level 8. HP: 81/81 MP: 7/7
  4774 | D:7      | Reached skill level 10 in Maces & Flails
  5188 | D:7      | Reached XP level 9. HP: 31/89 MP: 8/8
  5268 | D:7      | Found a deep blue altar of Sif Muna.
  5685 | D:8      | Noticed Blork the orc
  5719 | D:8      | Killed Blork the orc
  6163 | D:8      | Noticed Gastronok
  6176 | D:8      | Killed Gastronok
  6176 | D:8      | Reached XP level 10. HP: 100/100 MP: 9/9
  7530 | D:10     | Entered Level 10 of the Dungeon
  7696 | D:10     | Found a staircase to the Orcish Mines.
  8107 | D:10     | Noticed Deemzul's ghost (powerful OpVM)
  8383 | D:10     | Reached skill level 10 in Fighting
  8383 | D:10     | Reached XP level 11. HP: 98/111 MP: 10/10
  8384 | D:10     | Found a staircase to the Lair.
  8462 | D:10     | Paralysed by a yellow wasp for 3 turns
  8497 | Lair:1   | Entered Level 1 of the Lair of Beasts
  8935 | Lair:1   | Reached skill level 15 in Maces & Flails
  9449 | Lair:2   | Noticed a seven-headed hydra
  9469 | Lair:2   | Killed a seven-headed hydra
  9558 | Lair:2   | Noticed Fannar
  9558 | Lair:2   | Paralysed by Fannar for 5 turns
  9573 | Lair:2   | Killed Fannar
  9630 | Lair:2   | Bloax: Nothing easier than lair left?
  9960 | Lair:2   | Bloax: Why not train manually while you're at it? :i
 10010 | Lair:2   | Noticed a five-headed hydra
 10025 | Lair:2   | Killed a five-headed hydra
 10045 | Lair:2   | Got a crude lead ring
 10051 | Lair:2   | Identified the ring "Voykub" {Dex+5 Int+3} (You found it on
                  | level 2 of the Lair of Beasts)
 10397 | Lair:3   | Received a gift from Trog
 10937 | Lair:3   | Got a crystal mace
 10938 | Lair:3   | Identified the +5,+9 mace of Fate {drain, Dex+2 Stlth++}
                  | (You found it on level 3 of the Lair of Beasts)
 10938 | Lair:3   | Identified the +5,+9 mace of Fate {drain, Dex+2 Stlth++}
                  | (You found it on level 3 of the Lair of Beasts)
 11168 | Lair:4   | Found a staircase to the Swamp.
 11460 | Lair:4   | Noticed a seven-headed hydra
 11480 | Lair:4   | Killed a seven-headed hydra
 11480 | Lair:4   | Reached skill level 1 in Evocations
 11480 | Lair:4   | Reached XP level 12. HP: 79/126 MP: 10/13
 12120 | Lair:4   | Noticed a five-headed hydra
 12125 | Lair:4   | Killed a five-headed hydra
 12324 | Lair:5   | Noticed a four-headed hydra
 12336 | Lair:5   | Killed a four-headed hydra
 12336 | Lair:5   | Reached skill level 10 in Dodging
 13549 | Lair:6   | Noticed a four-headed hydra
 13556 | Lair:6   | Killed a four-headed hydra
 13674 | Lair:6   | Noticed a six-headed hydra
 13745 | Lair:6   | Found a staircase to the Slime Pits.
 13890 | Lair:6   | Reached skill level 5 in Throwing
 13974 | Lair:6   | Noticed a seven-headed hydra
 13987 | Lair:6   | Killed a seven-headed hydra
 14110 | Lair:6   | Killed a six-headed hydra
 14144 | Lair:6   | Found a staircase to the Snake Pit.
 14164 | Lair:6   | Reached XP level 13. HP: 25/139 MP: 10/14
 15244 | Lair:7   | Received a gift from Trog
 15247 | Lair:7   | Got a crude giant spiked club {god gift}
 15248 | Lair:7   | Identified the -3,+11 giant spiked club of the Two Names
                  | {flame, Stlth+} (Trog gifted it to you on level 7 of the
                  | Lair of Beasts)
 15248 | Lair:7   | Identified the -3,+11 giant spiked club of the Two Names
                  | {flame, Stlth+} (Trog gifted it to you on level 7 of the
                  | Lair of Beasts)
 15560 | Lair:8   | Entered Level 8 of the Lair of Beasts
 15598 | Lair:8   | Upgraded the game from 0.14-a0-1036-g6cac21b to
                  | 0.14-a0-1765-g49ce880
 15728 | Lair:8   | Reached skill level 15 in Fighting
 17255 | D:10     | Killed Deemzul's ghost
 17700 | D:11     | Received a gift from Trog
 18045 | D:11     | Noticed Josephine
 18055 | D:11     | Killed Josephine
 18055 | D:11     | Reached skill level 1 in Armour
 18055 | D:11     | Reached XP level 14. HP: 167/167 MP: 14/14
 18272 | D:12     | Noticed Erolcha
 18281 | D:12     | Killed Erolcha
 19245 | D:13     | Found a frozen archway.
 19250 | D:13     | Reached ****** piety under Trog
 19329 | IceCv    | Entered an ice cave
 19631 | IceCv    | Reached skill level 5 in Throwing
 19704 | IceCv    | Noticed a frost giant
 19724 | IceCv    | Killed a frost giant
 19724 | IceCv    | Received a gift from Trog
 20073 | D:13     | Noticed Nessos
 20087 | D:13     | Killed Nessos
 20262 | D:13     | Noticed Azrael
 20267 | D:13     | Killed Azrael
 20291 | D:13     | Reached skill level 15 in Maces & Flails
 20901 | Orc:1    | Entered Level 1 of the Orcish Mines
 20901 | Orc:1    | Noticed Urug
 20912 | D:10     | Killed Urug
 20915 | D:10     | Received a gift from Trog
 21223 | Orc:2    | Found an iron altar of Okawaru.
 21272 | Orc:2    | Noticed Snorg
 21279 | Orc:2    | Killed Snorg
 21279 | Orc:2    | Reached XP level 15. HP: 125/178 MP: 15/15
 22192 | Orc:3    | Noticed an orc warlord
 22194 | Orc:3    | Identified the +3 dagger "Ogre's Curse" {speed, rPois rC++}
 22380 | Orc:4    | Entered Level 4 of the Orcish Mines
 22392 | Orc:4    | Received a gift from Trog
 22692 | Orc:4    | Received a gift from Trog
 22846 | Orc:3    | Found a staircase to the Elven Halls.
 22857 | Orc:4    | Reached skill level 5 in Armour
 23219 | Orc:3    | Received a gift from Trog
 23224 | Orc:3    | Killed an orc warlord
 23360 | Orc:3    | Found a bloodstained altar of Trog.
 23362 | Orc:3    | Found Mizuereh's Antique Weapon Shop.
 23590 | Orc:4    | Found Azauzic's General Store.
 23910 | Orc:4    | Found Livaug's General Store.
 23942 | Orc:4    | Bought a scroll of enchant armour for 90 gold pieces
 23942 | Orc:4    | Bought 2 potions of haste for 240 gold pieces
 24638 | Orc:4    | Found Qelor's Antique Weapon Shoppe.
 24638 | Orc:4    | Found a one-way gate leading to the halls of Pandemonium.
 24638 | Orc:4    | Found Mukes's Book Emporium.
 25406 | D:14     | Found a gate to the Vaults.
 25567 | D:14     | Found a glowing silver altar of Zin.
 25649 | D:14     | Found Yfoif's Gadget Shoppe.
 25657 | D:14     | Bought a wand of acid (6) for 260 gold pieces
 25773 | D:15     | Entered Level 15 of the Dungeon
 25793 | D:15     | Found an ornate altar of the Wu Jian Council.
 25828 | D:15     | Received a gift from Trog
 26236 | D:16     | Entered Level 16 of the Dungeon
 26405 | D:16     | Found a staircase to the Depths.
 26410 | D:16     | Reached XP level 16. HP: 143/191 MP: 16/16
 26553 | D:16     | Paralysed by a wizard for 6 turns
 26795 | D:16     | Received a gift from Trog
 26814 | D:16     | Noticed Agnes
 26827 | D:16     | HP: 1/192 [Agnes/+1 lajatang of electrocution (34)]
 26828 | D:16     | Mangled by Agnes

Vault maps used:
D:1:      dpeg_entry_arbitrary_b
D:2:      grunt_ministairs_11, uniq_iyjb
D:3:      roderic_lattice_octagonal_star
D:4:      corexii_shantytown
D:5:      firewood_loft, first_bread
D:6:      minmay_temple_entry_overgrown
D:7:      led_sif_pool, grunt_livestock
D:8:      minmay_item_behind_shaft, serial_bayou_lagoon_a, hangedman_misty_isle,
          uniq_blork_the_orc, uniq_gastronok
D:9:      roderic_batcave
D:10:     david_orc_1_choice, david_lair_shrubbed
D:11:     minivault_22, nooodl_food_tri, uniq_josephine
D:12:     uniq_erolcha
D:13:     portal_ice_cave_entry_imps, uniq_azrael, uniq_nessos
D:14:     david_vaults_1, serial_shops,
          nicolae_shop_temple_entry_statues_fountains, basic_altar,
          minmay_crystal_room, bh_walls_and_bars
D:15:     basic_altar
D:16:     grunt_enter_depths_snipers, nicolae_ru_the_path_less_chosen,
          minmay_misc_feat_tiny, uniq_agnes
Lair:2:   disabler_island, uniq_fannar
Lair:4:   swamp_mist_pool
Lair:6:   minmay_snake_entry_six_corridors, slime_dummy, serial_bayou_ford_a
Lair:7:   st_stairs_4
Lair:8:   hangedman_lair_in_review
Orc:1:    special_room, uniq_urug
Orc:2:    okawaru_metal_pillars_1_2, uniq_snorg
Orc:3:    cheibrodos_orc_bank, serial_shops, shop, bloody_trog
Orc:4:    pf_orc_diabolical
IceCv:    ice_cave_small_giant

Skill      XL: |  1  2  3  4  5  6  7  8  9 10 11 12 13 14 15 16 |
---------------+-------------------------------------------------+-----
Maces & Flails | 5 6 7 8 10 13 14 16 14 15 16 17 | 17.1
Fighting       | 5 10 15 16 17 | 17.9
Dodging        | 5 10 | 11.3
Throwing       | 1 5 4 5 |  5.8
Evocations     | 1 |  2.5
Armour         | 1 4 6 |  6.7

Action                   |  1- 3 |  4- 6 |  7- 9 | 10-12 | 13-15 | 16-18 || total
-------------------------+-------+-------+-------+-------+-------+-------++-------
Melee: Mace              |   144 |   203 |       |     2 |       |       ||   349
       Giant club        |       |    34 |   225 |   677 |   133 |       ||  1069
       Great mace        |       |       |     2 |       |       |       ||     2
       Giant spiked club |       |       |       |       |   813 |    72 ||   885
       Giant spiked club |       |       |       |       |    35 |       ||    35
Throw: Javelin           |       |    14 |    19 |    35 |    35 |     7 ||   110
       Tomahawk          |       |       |     2 |    28 |     8 |       ||    38
       Throwing net      |       |       |       |     5 |       |       ||     5
       Dart              |       |       |       |     2 |       |       ||     2
       Large rock        |       |       |       |       |    10 |     7 ||    17
Invok: No ability        |     1 |     2 |     2 |     6 |       |       ||    11
       No ability        |       |     1 |     4 |     8 |       |       ||    13
       No ability        |       |       |     1 |     9 |       |       ||    10
       Brothers in Arms  |       |       |       |       |     6 |     1 ||     7
       Berserk           |       |       |       |       |     4 |       ||     4
       Trog's Hand       |       |       |       |       |     5 |       ||     5
Evoke: Club              |       |     2 |     1 |    15 |     3 |       ||    21
       Wand              |       |       |       |       |    10 |       ||    10
  Use: Scroll            |       |     4 |     2 |    13 |     3 |       ||    22
       Potion            |       |     2 |     5 |     1 |       |       ||     8
       Scroll            |       |       |       |       |     9 |       ||     9
       Potion            |       |       |       |       |     5 |     2 ||     7
 Stab: Held in net/web   |       |       |       |     2 |       |       ||     2
       Sleeping          |       |       |       |     3 |       |       ||     3
       Sleeping          |       |       |       |       |     9 |     1 ||    10
       Petrified         |       |       |       |       |     1 |       ||     1
       Paralysed         |       |       |       |       |     1 |       ||     1
  Eat: Chunk             |       |       |       |       |    34 |     2 ||    36
       Ration            |       |       |       |       |     3 |       ||     3
Armor: Robe              |       |       |       |       |    41 |       ||    41
       Acid dragon scale |       |       |       |       |   272 |    32 ||   304
Dodge: Dodged            |       |       |       |       |   863 |    55 ||   918

Table legend:
 A = Non-vault XP
 B = Vault XP
 C = Vault XP percentage of total XP
 D = Non-vault monster count
 E = Vault monster count
 F = Vault count percentage of total count
                 A         B        C        D         E       F
            +---------+---------+-------+---------+---------+-------
      Total |   52400 |   46842 |  47.2 |     276 |     188 |  40.5
            +---------+---------+-------+---------+---------+-------
       D:10 |    1074 |     863 |  44.6 |       6 |       1 |  14.3
       D:11 |    2256 |    2737 |  54.8 |      20 |       8 |  28.6
       D:12 |    5128 |    1010 |  16.5 |      20 |       1 |   4.8
       D:13 |    4918 |    3223 |  39.6 |      29 |      21 |  42.0
       D:14 |    5326 |     835 |  13.6 |      21 |       3 |  12.5
       D:15 |    8115 |       0 |   0.0 |      38 |       0 |   0.0
       D:16 |   14104 |    2375 |  14.4 |      32 |       3 |   8.6
     Lair:8 |       0 |    7493 | 100.0 |       0 |      20 | 100.0
      Orc:1 |    2045 |    1016 |  33.2 |      20 |      16 |  44.4
      Orc:2 |    2383 |    1117 |  31.9 |      17 |       1 |   5.6
      Orc:3 |    5228 |    1089 |  17.2 |      41 |      21 |  33.9
      Orc:4 |    1823 |   15666 |  89.6 |      32 |      57 |  64.0
      IceCv |       0 |    9418 | 100.0 |       0 |      36 | 100.0
            +---------+---------+-------+---------+---------+-------
